[Event "Holiday Invitational-IM 2019"]
[Site "Charlotte"]
[Date "2019.12.30"]
[Round "8.4"]
[White "Ludwig, John"]
[Black "Diulger, Alexey"]
[Result "1-0"]
[ECO "B06"]
[WhiteElo "2360"]
[BlackElo "2291"]
[Annotator "NA"]
[PlyCount "95"]
[EventDate "2019.12.26"]
[EventType "tourn"]
[EventCountry "USA"]
[SourceTitle "playchess.com"]
[Source "ChessBase"]
[SourceQuality "1"]
[TimeControl "5400+30"]

1. e4 g6 2. d4 Bg7 3. Nc3 d6 4. f4 c6 5. Be3 d5 6. e5 h5 7. Qd2 Nh6 8. Nf3 Bg4 9. Nh4 Nf5 10. Nxf5 Bxf5 11. O-O-O Nd7 12. g3 b5 13. Bd3 Nb6 14. b3 e6 15. Bxf5 exf5 16. Ne2 a5 17. Kb1 a4 18. Nc1 h4 19. Nd3 h3 20. Qe2 Qc8 21. Bd2 O-O 22. Bb4 Re8 23. Nf2 Nd7 24. Nxh3 Nf6 25. Nf2 axb3 26. cxb3 Ra6 27. h4 Qe6 28. Rd2 Nh5 29. Qf3 Bh6 30. Nd3 Qc8 31. Bd6 Qd8 32. Nb4 Rb6 33. Rc2 Nf6 34. Bc5 Ne4 35. Bxb6 Qxb6 36. Qe3 Bf8 37. Nd3 Nf6 38. Nf2 Re6 39. h5 Nxh5 40. g4 Ng7 41. Qh3 f6 42. exf6 Qxd4 43. Nd3 Qxf6 44. Ne5 Rxe5 45. fxe5 Qxe5 46. gxf5 Nh5 47. fxg6 Bg7 48. Qc8+ 1-0

[Event "Holiday Invitational-IM 2019"]
[Site "Charlotte"]
[Date "2019.12.30"]
[Round "8.5"]
[White "Gauri, Shankar"]
[Black "Francisco, Richard"]
[Result "0-1"]
[ECO "A35"]
[WhiteElo "2341"]
[BlackElo "2281"]
[Annotator "NA"]
[PlyCount "122"]
[EventDate "2019.12.26"]
[EventType "tourn"]
[EventCountry "USA"]
[SourceTitle "playchess.com"]
[Source "ChessBase"]
[SourceQuality "1"]
[TimeControl "5400+30"]

1. Nf3 c5 2. c4 Nc6 3. Nc3 g6 4. e3 Nf6 5. d4 cxd4 6. exd4 d5 7. cxd5 Nxd5 8. Bc4 Nxc3 9. Qb3 e6 10. bxc3 Bg7 11. Ba3 Bf8 12. Bc1 Bg7 13. Ba3 Bf8 14. Bxf8 Kxf8 15. O-O Kg7 16. Be2 Qf6 17. Qb5 Rd8 18. Rad1 Rd5 19. Qb2 b6 20. Nd2 Bb7 21. Ne4 Qd8 22. c4 Rxd4 23. c5 e5 24. Nd6 Rb8 25. f4 bxc5 26. fxe5 Ba6 27. Qc2 Nxe5 28. Nf5+ gxf5 29. Qxc5 Nc6 30. Rxd4 Qxd4+ 31. Qxd4+ Nxd4 32. Bxa6 Rb4 33. Bd3 f4 34. Rf2 Ra4 35. Kf1 Ra3 36. Rd2 Nc6 37. Kf2 Ne5 38. Be2 Kf6 39. h3 Kf5 40. Rb2 a5 41. Bb5 Ke4 42. Re2+ Kd4 43. Rd2+ Kc3 44. Re2 f6 45. Be8 Kd4 46. Bb5 h5 47. Rd2+ Kc3 48. Ke2 h4 49. Ba6 Ra4 50. Bb7 Rb4 51. Bd5 Rd4 52. Rxd4 Kxd4 53. Bb3 Kc3 54. Bd1 f5 55. a4 f3+ 56. gxf3 f4 57. Kf1 Kd2 58. Be2 Ke3 59. Bd1 Nxf3 60. Kg2 Nd2 61. Kh2 f3 0-1

[Event "Holiday Invitational-IM 2019"]
[Site "Charlotte"]
[Date "2019.12.31"]
[Round "9.1"]
[White "Cervantes Landeiro, Thalia"]
[Black "Kolay, Alex"]
[Result "1-0"]
[ECO "E14"]
[WhiteElo "2289"]
[BlackElo "2261"]
[Annotator "ChessBase"]
[PlyCount "69"]
[EventDate "2019.12.26"]
[EventType "tourn"]
[EventCountry "USA"]
[SourceTitle "playchess.com"]
[Source "ChessBase"]
[SourceQuality "1"]
[TimeControl "5400+30"]

1. d4 d5 2. c4 c6 3. Nf3 Nf6 4. e3 e6 5. b3 Nbd7 6. Bb2 Bd6 7. Nbd2 O-O 8. Bd3 b6 9. O-O Bb7 10. Qe2 c5 11. cxd5 exd5 12. Ba6 Bxa6 13. Qxa6 Qc8 14. Qe2 Re8 15. a4 Qb7 16. a5 Ne4 17. Rfd1 Qc6 18. Rac1 Bc7 19. Nf1 Nf8 20. dxc5 bxc5 21. b4 c4 22. Nd4 Qd7 23. Qh5 Be5 24. Ng3 Nxg3 25. hxg3 Rad8 26. Bc3 a6 27. Ne2 Qd6 28. Qf5 Ng6 29. Rb1 Qe6 30. Qc2 Qc6 31. Bxe5 Nxe5 32. Nf4 Ng6 33. Rd4 Nxf4 34. gxf4 Re4 35. Qxe4 1-0

[Event "Holiday Invitational-IM 2019"]
[Site "Charlotte"]
[Date "2019.12.31"]
[Round "9.5"]
[White "Francisco, Richard"]
[Black "Myers, Dominique"]
[Result "1-0"]
[ECO "A16"]
[WhiteElo "2281"]
[BlackElo "2012"]
[Annotator "ChessBase"]
[PlyCount "85"]
[EventDate "2019.12.26"]
[EventType "tourn"]
[EventCountry "USA"]
[SourceTitle "playchess.com"]
[Source "ChessBase"]
[SourceQuality "1"]
[TimeControl "5400+30"]

1. c4 Nf6 2. g3 g6 3. Bg2 d5 4. cxd5 Nxd5 5. Nc3 Nb6 6. Nf3 Bg7 7. O-O Nc6 8. b3 O-O 9. Bb2 e5 10. Rc1 Qe7 11. Nb5 e4 12. Bxg7 Kxg7 13. Ne1 Rd8 14. Qc2 Bf5 15. Qb2+ Kg8 16. f3 e3 17. d3 a6 18. Nc3 Nd4 19. f4 Rd7 20. Bxb7 Rb8 21. Bg2 Qb4 22. Nf3 Nxf3+ 23. Bxf3 Re8 24. Rfd1 Red8 25. Rc2 Rd4 26. Qc1 Qe7 27. Re1 h5 28. Nd1 Re8 29. Rxc7 Nd7 30. Rc8 Nf6 31. Rxe8+ Qxe8 32. Qxe3 Qd8 33. Nf2 Rd6 34. Rc1 h4 35. g4 Be6 36. g5 Nd5 37. Qe5 Qb6 38. d4 Ne7 39. e3 Nf5 40. Ne4 Rxd4 41. exd4 Nxd4 42. Nf6+ Kf8 43. Rc8+ 1-0